 Dungeon Crawl Stone Soup version 0.29.0-13-gc9e81de378 (webtiles) character file.

Game seed: 11534388916071007717

325 SnakkuSnakku7 the Chopper (level 6, 0/78 HPs)
             Began as a Naga Warper on Sept 9, 2022.
             Succumbed to an orc's poison
             ... on level 3 of the Dungeon.
             The game lasted 00:03:37 (3110 turns).

SnakkuSnakku7 the Chopper (Naga Warper)             Turns: 3110, Time: 00:03:37

Health: 0/78       AC: 23    Str: 12 (15) XL:     6   Next: 48%
Magic:  9/9        EV:  1    Int: 10 (13) God:
Gold:   109        SH:  0    Dex: 10 (11) Spells: 9/9 levels left

rFire   . . .      SeeInvis +   a - +2 hand axe (vamp)
rCold   . . .      Faith    .   (no shield)
rNeg    . . .      Spirit   .   (body armour currently unavailable)
rPois   +          Reflect  .   (helmet currently unavailable)
rElec   .          Harm     .   (cloak currently unavailable)
rCorr   .          Rampage  .   (gloves currently unavailable)
Will    .....      NoTele   +   (no barding)
Stlth   +.........              (no amulet)
HPRegen 0.23/turn               (no ring)
MPRegen 0.11/turn               (no ring)

@: mighty, lethally poisoned (0 -> -4), tree-form
A: stationary, stasis, torment immunity, boosted hp, AC +2, large, see
invisible, (deformed body), (poison resistance), (slowness 2), spit poison 1,
(naga tail 1)
a: Spit Poison


You were on level 3 of the Dungeon.
You were a tree.
You visited 1 branch of the dungeon, and saw 3 of its levels.

You collected 109 gold pieces.

Inventory:

Hand Weapons
 a - a +2 vampiric hand axe (weapon)
 r - a +0 hand axe
Missiles
 d - 7 boomerangs of dispersal
 m - 6 curare-tipped darts
Armour
 b - a +0 leather armour (melded)
Wands
 i - a wand of light (7)
Scrolls
 c - 4 scrolls of blinking
 e - 2 scrolls of noise {unknown}
 f - a scroll of enchant armour {unknown}
 g - 3 scrolls of vulnerability {unknown}
 l - 2 scrolls of amnesia {unknown}
 o - 2 scrolls of identify {unknown}
 p - a scroll of poison {unknown}
 q - a scroll of teleportation {unknown}
Potions
 h - 2 potions of degeneration
 j - 3 potions of lignification


   Skills:
 - Level 2.0 Fighting
 + Level 6.7 Axes
 - Level 0.8 Throwing
 - Level 0.7 Armour
 - Level 1.5 Dodging
 - Level 2.0 Spellcasting
 - Level 3.0 Translocations


You had 9 spell levels left.
You didn't know any spells.
Your spell library contained the following spells:

 Spells                   Type           Power      Damage    Failure   Level
 Blink                    Tloc           14%        N/A       14%         2
 Gell's Gravitas          Tloc           7%         N/A       26%         3
 Lesser Beckoning         Tloc           7%         N/A       26%         3
 Teleport Other           Tloc           7%         N/A       26%         3
 Shock                    Conj/Air       4%         1d3       30%         1
 Ensorcelled Hibernation  Hex/Ice        2%         N/A       43%         2
 Passwall                 Tmut/Erth      0%         N/A       43%         2
 Swiftness                Air            1%         N/A       67%         3
 Manifold Assault         Tloc           7%         N/A       94%         5
 Airstrike                Air            0%         2d(1-17)  97%         4


Dungeon Overview and Level Annotations

Branches:
Dungeon (3/15)

Altars:
Qazlal

Shops:
D:1 =


Innate Abilities, Weirdness & Mutations

You are a tree.
Your roots penetrate the ground, keeping you stationary.
You cannot be teleported.
You are immune to unholy pain and torment.
Your maximum health is greatly increased.
Your equipment is partially melded.
((Your serpentine skin is tough. (AC +2)))
You have supernaturally acute eyesight. (SInv)
((Armour fits poorly on your strangely shaped body.))
((Your system is resistant to poisons. (rPois)))
((You cover ground very slowly.))
You can spit poison.
((You have a snake-like lower body.))


Message History

You kill the endoplasm!
You hit the orc but do no damage.
The orc hits you with a +1 short sword of venom.
* * * LOW HITPOINT WARNING * * *
You are poisoned.
You closely miss the orc.
* * * LOW HITPOINT WARNING * * *
You feel very sick. The orc closely misses you.
You closely miss the orc.
You feel sick. The orc hits you but does no damage.
You closely miss the orc.
* * * LOW HITPOINT WARNING * * *
You feel sick. The orc barely misses you.
You hit the orc.
The orc is severely wounded.
You feel sick.
The orc hits you with a +1 short sword of venom.
* * * LOW HITPOINT WARNING * * *
It was a potion of lignification.
You turn into a tree.
Your +0 leather armour melds into your body.
Your roots penetrate the ground.
You feel sick. The orc hits you but does no damage.
You are lethally poisoned!
You hit the orc.
You feel better.
You kill the orc!
* * * LOW HITPOINT WARNING * * *
You feel very sick.
It was a potion of degeneration.
There was something very wrong with that liquid.
You feel weakened.
You feel dopey.
You feel clumsy.
* * * LOW HITPOINT WARNING * * *
You feel sick.
It was a potion of magic.
Magic courses through your body.
* * * LOW HITPOINT WARNING * * *
You feel sick.
It was a potion of might.
You feel very mighty all of a sudden.
* * * LOW HITPOINT WARNING * * *
You feel sick.
You die...

#...................#
#.###.#
#..#.#.#.#.#.#.#.# .#
..# ##.
#...........)..... ##
### #.
#.......########.# #.
####.#.## .###
.######.
#.#.#########...
.>......
#.#...........##
.##.####
#.#.##...###...####
#.#...
#.#.#..[).♣).......
.#.#...
#.#......###..>#...
...#.._ #.#.###.##
...# ###.#... #.# ###
@.... #.#... ...
..#..# ...#### ##.#
....... .......
..#.#.# .###... ....
.. ####


There were no monsters in sight!

Vanquished Creatures
  Sigmund (D:3)
  Terence (D:3)
  2 orc wizards (D:3)
  2 adders (D:2)
  A worm (D:2)
  2 dart slugs (D:1)
  3 orcs (D:3)
  4 bats
  6 endoplasms
  3 giant cockroaches
  7 hobgoblins
  3 jackals (D:3)
  3 quokkas
  4 ball pythons
  A frilled lizard (D:1)
  4 goblins
  A kobold (D:3)
  8 rats
56 creatures vanquished.

Notes
Turn   | Place    | Note
-------+----------+-------------------------------------------
     0 | D:1      | SnakkuSnakku7 the Naga Warper began the quest for the Orb.
     0 | D:1      | Reached XP level 1. HP: 19/19 MP: 3/3
   331 | D:1      | Reached XP level 2. HP: 10/26 MP: 5/5
   609 | D:1      | Reached skill level 3 in Axes
  1016 | D:1      | Found Zezyh's Jewellery Boutique.
  1128 | D:1      | Reached XP level 3. HP: 28/32 MP: 6/6
  1150 | D:1      | Found a faded altar of an unknown god.
  1985 | D:2      | Reached skill level 4 in Axes
  2257 | D:2      | Reached XP level 4. HP: 30/39 MP: 7/7
  2590 | D:3      | Noticed Sigmund
  2597 | D:3      | Killed Sigmund
  2598 | D:3      | Reached skill level 6 in Axes
  2598 | D:3      | Reached XP level 5. HP: 22/45 MP: 8/8
  2598 | D:3      | Reached XP level 6. HP: 26/52 MP: 9/9
  2899 | D:3      | Found a stormy altar of Qazlal.
  2991 | D:3      | Noticed Terence
  2998 | D:3      | Killed Terence
  3107 | D:3      | HP: 3/78 [poisoned by an orc]
  3109 | D:3      | HP: 1/78 [poisoned by an orc]
  3110 | D:3      | Succumbed to an orc's poison

Illustrated notes

Levels and vault maps discovered:
D:1:      scummos_arrival_simple_fountains, layout_rooms, serial_shops, shop,
          shapermc_ecumenical_altar_mp_highgroup
D:2:      layout_basic, minmay_misc_feat_four_crosses, kennysheep_generic_room_9
D:3:      layout_loops_ring, amcnicky_altar_gilded, grunt_decor_junction,
          hangedman_decor_riveting, hangedman_decor_points, uniq_terence,
          uniq_sigmund

Skill      XL: |  1  2  3  4 |
---------------+-------------+-----
Axes           | 3 4 6 |  6.7
Fighting       | |  2.0
Throwing       | |  0.8
Armour         | |  0.7
Dodging        | |  1.5
Spellcasting   | |  2.0
Translocations | |  3.0

Action                   |  1- 3 |  4- 6 || total
-------------------------+-------+-------++-------
Melee: Hand axe          |   120 |    64 ||   184
       Punch             |     1 |       ||     1
Throw: Dart              |       |     3 ||     3
 Abil: Spit Poison       |     9 |     2 ||    11
  Use: Potion            |       |     4 ||     4
 Stab: Sleeping          |       |     1 ||     1
Armor: Leather armour    |    26 |    14 ||    40
       Skin              |       |     1 ||     1
Dodge: Dodged            |    74 |    18 ||    92
